 Dungeon Crawl Stone Soup version 0.30-a0-1050-g2766ea1e55 (webtiles) character file.

Game seed: 13659815181520994240

14 CryoSword the Conjurer (level 2, 0/20 HPs)
             Began as a Draconian Conjurer on Apr 9, 2023.
             Constricted to death by a ball python (1 damage)
             ... on level 1 of the Dungeon.
             The game lasted 00:00:59 (522 turns).

CryoSword the Conjurer (Draconian Conjurer)          Turns: 522, Time: 00:00:59

Health: 0/20       AC:  4    Str:  9    XL:     2   Next: 27%
Magic:  0/5        EV:  7    Int: 18    God:
Gold:   10         SH:  6    Dex:  9    Spells: 4/5 levels left

rFire   . . .      SeeInvis .    e - +0 short sword
rCold   + . .      Faith    .    f - +0 kite shield
rNeg    . . .      Spirit   .    (body armour unavailable)
rPois   .          Reflect  .    (helmet restricted)
rElec   .          Rampage  .    (no cloak)
rCorr   .                        (no gloves)
Will    .....                    (no boots)
Stlth   ++                       (no amulet)
HPRegen 0.23/turn                g - ring of protection from cold
MPRegen 0.09/turn                (no ring)

@: constricted
A: AC +4, unfitting armour, cold-blooded
a: no special abilities


You were on level 1 of the Dungeon.
You visited 1 branch of the dungeon, and saw 1 of its levels.

You collected 10 gold pieces.

Inventory:

Hand Weapons
 e - a +0 short sword (weapon)
   (You took it off a kobold on level 1 of the Dungeon)
Armour
 f - a +0 kite shield (worn)
   (You found it on level 1 of the Dungeon)
Jewellery
 g - a ring of protection from cold (left hand)
   (You found it on level 1 of the Dungeon)
Scrolls
 d - a scroll of identify {unknown}
Potions
 a - a potion of magic
 b - a potion of curing {unknown}
 c - 2 potions of lignification {unknown}


   Skills:
 - Level 1.7 Dodging
 - Level 1.7 Stealth
 - Level 2.0 Spellcasting
 + Level 4.6 Conjurations


You had 4 spell levels left.
You knew the following spells:

 Your Spells              Type           Power      Damage    Failure   Level
a - Magic Dart            Conj           72%        1d6       10%         1

Your spell library contained the following spells:

 Spells                   Type           Power      Damage    Failure   Level
 Searing Ray              Conj           36%        2d5       16%         2
 Dazzling Flash           Conj/Hex       20%        N/A       61%         3
 Fulminant Prism          Conj/Hex       5%         3d7       95%         4
 Iskenderun's Mystic Bla  Conj/Tloc      10%        2d4       95%         4


Dungeon Overview and Level Annotations

Branches:
Dungeon (1/15)

Altars:


Innate Abilities, Weirdness & Mutations

Your plain brown scales are hard. (AC +4)
You cannot fit into any form of body armour.
You are cold-blooded and may be slowed by cold attacks.


Message History

You can't see any susceptible monsters within range! (Use Z to cast anyway.) Unknown command.
Found a kite shield.
You see here a +0 kite shield.
You see here a +0 kite shield.
You see here a +0 kite shield.
You now have 10 gold pieces.
A kobold comes into view. It is wielding a +0 short sword.
Found a leather armour.
The kobold shouts!
A kobold is nearby!
Aim: a kobold, wielding a +0 short sword (100% to hit)
The magic dart hits the kobold.
The kobold hits you but does no damage.
Aim: a kobold, wielding a +0 short sword (moderately wounded, 100% to hit)
The magic dart hits the kobold but does no damage.
The kobold hits you with a +0 short sword.
Aim: a kobold, wielding a +0 short sword (moderately wounded, 100% to hit)
The magic dart hits the kobold.
The kobold hits you but does no damage.
You barely miss the kobold. The kobold barely misses you.
You barely miss the kobold.
The kobold hits you with a +0 short sword.
You hit the kobold but do no damage.
Your tail-slap misses the kobold.
The kobold hits you but does no damage.
You closely miss the kobold. The kobold barely misses you.
You hit the kobold but do no damage.
You tail-slap the kobold, but do no damage.
The kobold barely misses you.
You barely miss the kobold.
The kobold hits you with a +0 short sword.
You barely miss the kobold.
The kobold hits you with a +0 short sword.
* * * LOW HITPOINT WARNING * * *
You hit the kobold but do no damage. The kobold hits you but does no damage.
You closely miss the kobold.
The kobold hits you with a +0 short sword.
* * * LOW HITPOINT WARNING * * *
You completely miss the kobold.
Your tail-slap misses the kobold.
The kobold barely misses you.
Aim: a kobold, wielding a +0 short sword (100% to hit)
The magic dart hits the kobold.
You kill the kobold!
You see here a +0 short sword.
e - a +0 short sword You see here a +0 kite shield.
f - a +0 kite shield You start putting on your armour.
You continue putting on your +0 kite shield. x4
You finish putting on your +0 kite shield.
e - a +0 short sword (weapon)
A kobold comes into view. It is wielding a +0 club.
The kobold shouts!
A kobold is nearby!
Aim: a kobold, wielding a +0 club (100% to hit)
You miscast Magic Dart.
You are very lightly contaminated with residual magic.
Nothing appears to happen.
Aim: a kobold, wielding a +0 club (100% to hit)
The magic dart hits the kobold.
A rat comes into view.
The kobold hits you with a +0 club.
Aim: a kobold, wielding a +0 club (severely wounded, 100% to hit)
The magic dart hits the kobold.
You kill the kobold!
Your magical contamination has completely faded away.
You hit the rat.
You kill the rat!
You have reached level 2!
A ball python comes into view.
A ball python is nearby!
A ball python is nearby!
Aim: a ball python (wandering, hasn't noticed you, 100% to hit)
The magic dart hits the ball python.
You kill the ball python!
You can't see any susceptible monsters within range! (Use Z to cast anyway.) Unknown command.
Unknown command.
Found a sling.
A rat comes into view.
A rat is nearby!
Aim: a rat (asleep, 100% to hit)
The magic dart hits the rat but does no damage.
Aim: a rat (100% to hit)
The magic dart hits the rat.
You kill the rat!
g - a ring of protection from cold
g - a ring of protection from cold (left hand)
A goblin and a hobgoblin come into view.
The hobgoblin shouts!
There are monsters nearby!
There are monsters nearby!
Found a stone staircase leading down.
The goblin shouts!
A ball python comes into view.
Aim: a hobgoblin (100% to hit)
The magic dart hits the hobgoblin.
A dart slug comes into view.
Aim: a hobgoblin (heavily wounded, 100% to hit)
The magic dart hits the hobgoblin.
The hobgoblin hits you. The hobgoblin attacks as you move away!
The hobgoblin hits you.
The ball python enters a dispersal trap!
You blink.
The hobgoblin hits you but does no damage.
Aim: a hobgoblin (heavily wounded, 100% to hit)
The magic dart hits the hobgoblin.
You kill the hobgoblin!
A ball python comes into view.
The dart slug launches a dart at you. The slug dart hits you.
Aim: a dart slug (100% to hit)
The magic dart hits the dart slug.
The ball python hisses angrily.
The goblin attacks as you move away! The goblin hits you with a +0 dagger.
* * * LOW HITPOINT WARNING * * *
The goblin attacks as you move away! The goblin misses you.
You block the dart slug's attack.
You hit the goblin.
You tail-slap the goblin, but do no damage.
The goblin closely misses you.
You hit the goblin but do no damage. The goblin hits you with a +0 dagger.
* * * LOW HITPOINT WARNING * * *
You hit the goblin.
You kill the goblin!
You closely miss the ball python.
Your tail-slap misses the ball python.
You block the ball python's attack. x2; The ball python bites you.
* * * LOW HITPOINT WARNING * * *
The ball python barely misses you.
You hit the ball python. The ball python misses you.
You block the ball python's attack. The ball python barely misses you.
You block the ball python's attack. x2; The ball python closely misses you.
You closely miss the ball python. The ball python bites you.
* * * LOW HITPOINT WARNING * * *
The ball python closely misses you. You block the ball python's attack.
The ball python grabs you. The ball python constricts you.
The ball python bites you.
* * * LOW HITPOINT WARNING * * *
Aim: a dart slug (lightly wounded, 100% to hit)
The magic dart hits the ball python.
You kill the ball python!
You block the ball python's attack. The ball python constricts you.
* * * LOW HITPOINT WARNING * * *
Aim: a dart slug (lightly wounded, 100% to hit)
The magic dart hits the dart slug.
You block the ball python's attack. The ball python constricts you.
The dart slug closely misses you.
You hit the dart slug. The ball python bites you.
* * * LOW HITPOINT WARNING * * *
The ball python constricts you. The ball python bites you.
* * * LOW HITPOINT WARNING * * *
The ball python constricts you.
You die...

######.##.#.##
...>.#.......#
####..#.##.#S.#
#.......##.#..# ##
...........#..#####
#.
##.#....$†........#
#.
......#...S.#####.#
#. .....##w###.#
#.# #. #.....S@#
#.# #.# #.
#...##### #.#
#.#####. #.
#.#####....... #
#.......######
###..###.#
#........# ..
..#......##....
.....##.†......
.#..##.###)...


You could see a dart slug and a ball python.

Vanquished Creatures
  A goblin (D:1)
  2 hobgoblins (D:1)
  2 kobolds (D:1)
  A quokka (D:1)
  3 ball pythons (D:1)
  2 frilled lizards (D:1)
  3 rats (D:1)
14 creatures vanquished.

Notes
Turn   | Place    | Note
-------+----------+-------------------------------------------
     0 | D:1      | CryoSword the Draconian Conjurer began the quest for the
                  | Orb.
     0 | D:1      | Reached XP level 1. HP: 14/14 MP: 3/3
   385 | D:1      | Reached XP level 2. HP: 16/20 MP: 0/5
   522 | D:1      | HP: 1/20 [ball python (2)]
   522 | D:1      | Constricted to death by a ball python

Illustrated notes

Levels and vault maps discovered:
D:1:      grunt_arrival_lava_bath, layout_loops_cross, minmay_tall_x

Action                     || total
---------------------------++-------
  Melee: Unarmed           ||    22
         Tailslap          ||     4
         Short sword       ||     8
   Cast: Magic Dart        ||    26
 Armour: Skin              ||     8
  Dodge: Dodged            ||    22
  Block: Kite shield       ||     9

Table legend: (Time is in decaauts)
 A = Elapsed time spent in this place.
 B = Non-inter-level travel time spent in this place.
 C = Inter-level travel time spent in this place.
 D = Time resting spent in this place.
 E = Time spent auto-exploring this place.
 F = Levels seen in this place.
 G = Mean time per level.
                   A        B        C        D        E       F      G
               +--------+--------+--------+--------+--------+-----+--------+
         Total |    522 |    522 |      0 |      0 |    397 |   1 |  522.0 |
       Dungeon |    522 |    522 |      0 |      0 |    397 |   1 |  522.0 |
               +--------+--------+--------+--------+--------+-----+--------+

Top non-repeatable levels by time:
     D:1: 522 daAuts
